AoeStats
← ivcrk826

Hideout

507245834Analyzed
1v1 RM · 14d ago on Sep 17, 2026· 43m 10s· 2 players
Game mode
Random Map
Map size
Tiny (2 player)
Population
200
Speed
Normal
Resources
Standard
Victory
Conquest
Starting age
Dark Age
Ending age
Imperial Age
RankedLock teamsTeams togetherTeam positionsShared explorationLock speedFull tech treeHidden civsTurbo modeCheats
Victory
Defeat
🇦🇷 Britons · Argentina
1084
+18
🇨🇳 Khitans · China
1123
-18
ivcrk826
10:45 Feudal Age
15:01 Castle Age
12:49 Loom
14:14 Double-Bit Axe
14:40 Horse Collar
16:28 Loom
16:39 Gold Mining
23:04 Squires
30:34 Imperial Age
28:15 Fletching
29:26 Bodkin Arrow
29:49 Pikeman
36:30 Bracer
40:11 Scale Barding Armor
40:17 Forging
39:33 Light Cavalry
42:29 Chemistry
41:50 Ballistics
41:54 Chain Barding Armor
42:01 Halberdier
42:46 Scale Mail Armor
2717845389
11:33 Feudal Age
12:40 Loom
12:47 Double-Bit Axe
13:55 Domestication
17:04 Castle Age
19:44 Forging
19:41 Scale Mail Armor
21:45 Wheelbarrow
21:26 Pastoralism
21:45 Bow Saw
21:01 Light Cavalry
24:25 Fletching
24:10 Man-at-Arms
24:36 Elite Skirmisher
29:28 Hand Cart
41:24 Imperial Age
Connection lost

Rejoining the realm…

Still unreachable

The connection could not be restored.

Session expired

The server has moved on; the page needs a fresh start.